 Dungeon Crawl Stone Soup version 0.23-a0-143-g1adec7b (webtiles) character file.

93 mopl the Chopper (level 4, -16/35 HPs)
             Began as a Formicid Monk on Sept 3, 2018.
             Demolished by an ogre
             ... wielding a +0 giant club
              (30 damage)
             ... on level 3 of the Dungeon.
             The game lasted 00:02:51 (2149 turns).

mopl the Chopper (Formicid Monk)                    Turns: 2149, Time: 00:02:52

Health: -16/35     AC:  7    Str: 17    XL:     4   Next: 92%
Magic:  4/4        EV: 10    Int:  9    God:
Gold:   120        SH:  0    Dex: 13    Spells: 3/3 levels left

rFire    . . .     SeeInvis +   a - +0 hand axe
rCold    . . .     Gourm    .   (no shield)
rNeg     . . .     Faith    .   h - +0 scale mail
rPois    .         Spirit   .   (helmet unavailable)
rElec    .         Reflect  .   (no cloak)
rCorr    .         Harm     .   (no gloves)
MR       +....                  i - +0 pair of boots {Stlth+}
Stlth    ++........             (no amulet)
HPRegen  0.11/turn              e - ring of protection from magic
MPRegen  0.09/turn              (no ring)

@: no status effects
A: permanent stasis, dig shafts and tunnels, four strong arms, antennae 3
a: Dig, Shaft Self


You were on level 3 of the Dungeon.
You were not hungry.

You visited 1 branch of the dungeon, and saw 3 of its levels.

You collected 120 gold pieces.

Inventory:

Hand Weapons
 a - a +0 hand axe (weapon)
Armour
 h - a +0 scale mail (worn)
 i - a +0 pair of boots of stealth (worn)
Jewellery
 e - a ring of protection from magic (left hand)
Scrolls
 b - a scroll of amnesia {unknown}
 f - 3 scrolls of identify {unknown}
 g - a scroll of blinking {unknown}
 k - a scroll of teleportation {unknown}
Potions
 d - a potion of curing
 j - a potion of lignification {unknown}
 l - a potion of might {unknown}
Comestibles
 c - 4 rations


   Skills:
 - Level 3.2 Fighting
 + Level 5.2 Axes
 - Level 2.6 Dodging
 - Level 2.4 Stealth


You had 3 spell levels left.
You didn't know any spells.
Your spell library was empty.

Dungeon Overview and Level Annotations

Branches:
Dungeon (3/15)

Altars:

Annotations:
D:2 Sigmund


Innate Abilities, Weirdness & Mutations

You cannot be hasted, slowed, berserked, paralysed or teleported.
You can dig through walls and to a lower floor.
Your four strong arms can wield two-handed weapons with a shield.
You have a pair of large antennae on your head. (SInv)


Message History

The orc closely misses you.
The orc shouts!
You slash the ogre!
The ogre is moderately wounded.
You hit the orc. The orc closely misses you.
The ogre hits you but does no damage.
You hit the ogre.
The ogre is heavily wounded.
Your scale mail prevents you from hitting the orc.
The orc hits you but does no damage. The ogre closely misses you.
You slash the ogre!
The ogre is severely wounded.
You hit the orc. The orc barely misses you.
You hit the ogre.
The ogre is almost dead.
You hit the orc.
You kill the orc!
The ogre hits you with a giant club!!
Ouch! That really hurt!
You die...

...........+ ###'###
##..#
#.#.........+#####.#
######..#
##.##......((.##.#
#........ #.....##.#
#........
####.....##.#
#........
.........'..#
#........
####.....####
#........
.....o..O.#
#........
#########@#
#........ .. #)#
#........ #.
##o################
{ #.####gKo...... {{
#.....(g.......
#..............
#..(o...###....
#.(.(...# ....
o............# ...


You could see an ogre, 3 orcs, 2 hobgoblins and a kobold.

Vanquished Creatures
  3 adders
  A worm (D:2)
  3 dart slugs
  5 orcs (D:3)
  A ball python (D:1)
  2 giant cockroaches
  9 goblins
  4 hobgoblins
  2 jackals (D:2)
  3 quokkas (D:2)
  3 bats
  3 frilled lizards
  7 kobolds
  6 rats
52 creatures vanquished.

Notes
Turn   | Place    | Note
-------+----------+-------------------------------------------
     0 | D:1      | mopl the Formicid Monk began the quest for the Orb.
     0 | D:1      | Reached XP level 1. HP: 18/18 MP: 1/1
   151 | D:1      | Reached XP level 2. HP: 24/24 MP: 2/2
   851 | D:2      | Reached skill level 4 in Axes
   851 | D:2      | Reached XP level 3. HP: 24/29 MP: 3/3
  1198 | D:2      | Reached XP level 4. HP: 27/35 MP: 4/4
  1934 | D:3      | Noticed Sigmund
  1938 | D:3      | Noticed an ogre
  2091 | D:3      | Reached skill level 5 in Axes
  2149 | D:3      | Demolished by an ogre

Vault maps used:
D:1:      dpeg_arrival_three_same_balls
D:2:      minmay_door_path
D:3:      first_ration, uniq_sigmund

Skill      XL: |  1  2  3  4 |
---------------+-------------+-----
Axes           | 4 5 |  5.2
Fighting       | |  3.2
Dodging        | |  2.6
Stealth        | |  2.4

Action                   |  1- 3 |  4- 6 || total
-------------------------+-------+-------++-------
Melee: Hand axe          |   119 |    58 ||   177
  Use: Potion            |       |     1 ||     1
 Stab: Sleeping          |     5 |     1 ||     6
  Eat: Chunk             |     1 |     3 ||     4
Armor: Robe              |     8 |       ||     8
       Scale mail        |    20 |    27 ||    47
Dodge: Dodged            |    75 |    31 ||   106

Table legend:
 A = Non-vault XP
 B = Vault XP
 C = Vault XP percentage of total XP
 D = Non-vault monster count
 E = Vault monster count
 F = Vault count percentage of total count
                 A         B        C        D         E       F
            +---------+---------+-------+---------+---------+-------
      Total |     112 |      22 |  16.4 |      48 |       4 |   7.7
            +---------+---------+-------+---------+---------+-------
        D:1 |      26 |       0 |   0.0 |      14 |       0 |   0.0
        D:2 |      41 |      22 |  34.9 |      17 |       4 |  19.0
        D:3 |      45 |       0 |   0.0 |      17 |       0 |   0.0
            +---------+---------+-------+---------+---------+-------
